 Dungeon Crawl Stone Soup version 0.30.0 (webtiles) character file.

Game seed: 9119024677806213938

2160 Ic0nGaming the Basher (level 9, -7/64 (70) HPs)
             Began as a Hill Orc Berserker on May 6, 2023.
             Was a Priest of Trog.
             Mangled by a wight
             ... wielding a +2 dagger of electrocution
              (17 damage)
             ... on level 6 of the Dungeon.
             The game lasted 00:07:40 (4909 turns).

Ic0nGaming the Basher (Hill Orc Berserker)          Turns: 4909, Time: 00:07:41

HP:   -7/64 (70)    AC:  5    Str: 24    XL:     9   Next: 31%
MP:   9/9           EV: 16    Int:  7    God:    Trog [***...]
Gold: 440           SH:  0    Dex: 10    Spells: 8/8 levels left

rFire   . . .        m - +1 flail (heavy)
rCold   + . .        (no shield)
rNeg    . . .        f - +0 ring mail
rPois   .            (no helmet)
rElec   .            (no cloak)
rCorr   .            (no gloves)
SInv    .            (no boots)
Will    .....        e - amulet of regeneration Stlth
                     p - +5 ring of evasion
HPRegen 1.10/turn    q - ring of protection from cold
MPRegen 0.11/turn

%: no passive effects
@: drained
A: no striking features
a: Renounce Religion, Berserk, Trog's Hand


You were on level 6 of the Dungeon.
You worshipped Trog.
Trog was most pleased with you.
You visited 1 branch of the dungeon, and saw 6 of its levels.

You collected 440 gold pieces.

Inventory:

Hand Weapons
 a - a +0 hand axe
 b - the +3 shortbow "Qijikatt" {elec, rF+ Will+ Dex-4}
   (You found it on level 6 of the Dungeon)

   Dex:       It affects your dexterity (-4).
   rF:        It protects you from fire.
   Will:      It increases your willpower.
 k - a +1 broad axe
 m - a +1 heavy flail (weapon)
Missiles
 c - 10 boomerangs (quivered)
 d - 4 javelins
 s - 2 boomerangs of dispersal
 v - 2 throwing nets
Armour
 f - a +0 ring mail (worn)
 n - a +0 chain mail
Jewellery
 e - an amulet of regeneration (around neck)
 p - a +5 ring of evasion (left hand)
 q - a ring of protection from cold (right hand)
 t - a ring of flight
Scrolls
 o - a scroll of enchant armour
Potions
 g - 2 potions of might
 h - 4 potions of attraction
 i - 2 potions of curing
 j - 2 potions of experience {unknown}
 l - 2 potions of haste {unknown}
 r - a potion of magic
 u - 2 potions of heal wounds {unknown}


   Skills:
 - Level 3.6 Fighting
 - Level 6.8(11.5) Axes
 + Level 12.2(12.7) Maces & Flails
 - Level 2.1 Armour
 - Level 1.5 Dodging


You had 8 spell levels left.
You didn't know any spells.
Your spell library was empty.

Dungeon Overview and Level Annotations

Branches:
Dungeon (6/15)
 Temple: D:4-7

Altars:
Cheibriados
Elyvilon
Kikubaaqudgha
Nemelex Xobeh
Okawaru
Ru
Sif Muna
Wu Jian
Yredelemnul


Message History

No target in view!
No target in view!
A wight comes into view.
It is wielding a +2 dagger of electrocution.
Things that are here:
a +0 flail; a +0 robe
Things that are here:
a +4 scimitar of freezing; a +0 robe
Things that are here:
a +0 flail; a +0 robe The wight hits you with a +2 dagger of electrocution.
You are electrocuted!
You barely miss the wight.
The wight hits you with a +2 dagger of electrocution!
You feel drained.
You are electrocuted!
* * * LOW HITPOINT WARNING * * *
You are too injured to fight recklessly!
You are too injured to fight recklessly!
You barely miss the wight. The wight closely misses you.
You closely miss the wight. The wight closely misses you.
You hit the wight.
The wight is lightly damaged.
The wight hits you with a +2 dagger of electrocution.
* * * LOW HITPOINT WARNING * * *
You feel drained.
* * * LOW HITPOINT WARNING * * *
You closely miss the wight.
The wight is lightly damaged.
The wight misses you. The wight hits you but does no damage.
You hit the wight.
The wight is moderately damaged.
The wight hits you with a +2 dagger of electrocution.
* * * LOW HITPOINT WARNING * * *
You feel drained.
* * * LOW HITPOINT WARNING * * *
You hit the wight but do no damage.
The wight is moderately damaged.
The wight hits you with a +2 dagger of electrocution.
* * * LOW HITPOINT WARNING * * *
You are electrocuted!
You die...

# #...#.### .#
#........ .#
#...#.... .#
#.#########.# .#
#.# #... .# #.#
#..# .# #.### #..#
##z# #...# #..#
#@.# ###.# #..#
#.## #.# #..# #)#
#.######..# #)#
#...<.....# #.#
########... #.#
##.... #)# #.#...
#.###### #.#...
#......######.##..


You could see a wight.

Vanquished Creatures
  A komodo dragon (D:6)
  A steam dragon (D:6)
  A water moccasin (D:5)
  2 ice beasts
  A sky beast (D:6)
  3 black bears
  An ogre (D:5)
  3 phantoms
  A bullfrog (D:6)
  4 wights (D:6)
  2 hounds (D:6)
  2 jellies
  5 iguanas
  Terence (D:2)
  2 sleepcaps
  An orc wizard (D:6)
  12 adders
  A white imp (D:6)
  2 ufetubi (D:6)
  4 worms
  3 dart slugs
  2 orcs
  2 bats (D:1)
  3 endoplasms
  7 goblins
  7 hobgoblins
  4 jackals (D:1)
  3 quokkas
  5 ball pythons
  2 frilled lizards (D:3)
  7 kobolds
  7 rats
102 creatures vanquished.

Notes
Turn   | Place    | Note
-------+----------+-------------------------------------------
     0 | D:1      | Ic0nGaming the Hill Orc Berserker began the quest for the
                  | Orb.
     0 | D:1      | Reached XP level 1. HP: 19/19 MP: 1/1
   213 | D:1      | Reached XP level 2. HP: 20/26 MP: 2/2
   485 | D:1      | Reached skill level 5 in Axes
   900 | D:1      | Reached XP level 3. HP: 30/31 MP: 3/3
  1209 | D:2      | Reached ** piety under Trog
  2007 | D:2      | Reached XP level 4. HP: 39/39 MP: 4/4
  2010 | D:2      | Found a faded altar of an unknown god.
  2066 | D:2      | Noticed Terence
  2075 | D:2      | Killed Terence
  2262 | D:3      | Reached skill level 1 in Maces & Flails
  2401 | D:3      | Found a shimmering blue altar of Sif Muna.
  2406 | D:3      | Found a snail-covered altar of Cheibriados.
  2409 | D:3      | Found a white marble altar of Elyvilon.
  2410 | D:3      | Found an ornate altar of the Wu Jian Council.
  2426 | D:3      | Reached XP level 5. HP: 45/45 MP: 5/5
  2480 | D:3      | Reached skill level 2 in Maces & Flails
  2634 | D:3      | Found a sparkling altar of Nemelex Xobeh.
  2720 | D:3      | Found an ancient bone altar of Kikubaaqudgha.
  2721 | D:3      | Found an iron altar of Okawaru.
  2729 | D:3      | Found a basalt altar of Yredelemnul.
  2731 | D:3      | Found a sacrificial altar of Ru.
  3519 | D:5      | Entered Level 5 of the Dungeon
  3524 | D:5      | Noticed a black bear
  3531 | D:5      | Killed a black bear
  3532 | D:5      | Reached skill level 4 in Maces & Flails
  3532 | D:5      | Reached XP level 6. HP: 51/51 MP: 6/6
  3587 | D:5      | Reached skill level 5 in Maces & Flails
  3715 | D:5      | Noticed an ice beast
  3721 | D:5      | Killed an ice beast
  3722 | D:5      | Reached skill level 6 in Maces & Flails
  3722 | D:5      | Reached XP level 7. HP: 47/57 MP: 7/7
  3971 | D:5      | Reached skill level 7 in Maces & Flails
  4082 | D:5      | Reached skill level 8 in Maces & Flails
  4204 | D:6      | Identified the +3 shortbow "Qijikatt" {elec, rF+ Will+
                  | Dex-4}
  4218 | D:6      | Noticed a steam dragon
  4228 | D:6      | Killed a steam dragon
  4229 | D:6      | Reached XP level 8. HP: 53/64 MP: 8/8
  4314 | D:6      | Reached skill level 9 in Maces & Flails
  4362 | D:6      | Noticed a komodo dragon
  4374 | D:6      | Killed a komodo dragon
  4375 | D:6      | Reached skill level 10 in Maces & Flails
  4401 | D:6      | Reached skill level 11 in Maces & Flails
  4473 | D:6      | Reached XP level 9. HP: 70/70 MP: 9/9
  4499 | D:6      | Reached *** piety under Trog
  4665 | D:6      | Reached skill level 12 in Maces & Flails
  4909 | D:6      | Mangled by a wight

Illustrated notes

Levels and vault maps discovered:
D:1:      minmay_arrival_shattered_statue, layout_basic, kennysheep_nondescript,
          palyth_stone_intersect, st_stairs_5
D:2:      layout_loops_ring, shapermc_ecumenical_altar_mp_ritualfount,
          uniq_terence
D:3:      layout_rooms, nicolae_overflow_hallway_of_the_gods,
          nemelex_altar_shiori, minmay_misc_feat_diagonals
D:4:      layout_rooms
D:5:      layout_gridville, chequers_serial_rivers_micro_b
D:6:      layout_loops_ring, nzn_random_ring

Skill      XL: |  1  2  3  4  5  6  7  8  9 |
---------------+----------------------------+-----
Axes           | 5 6 |  6.8
Maces & Flails | 1 4 6 8 11 12 | 12.2
Fighting       | |  3.6
Armour         | |  2.1
Dodging        | |  1.5

Action                     |  1- 3 |  4- 6 |  7- 9 || total
---------------------------+-------+-------+-------++-------
  Melee: Hand axe          |    76 |       |       ||    76
         Punch             |     2 |       |     2 ||     4
         Broad axe         |    36 |     6 |       ||    42
         Flail             |       |    91 |   121 ||   212
  Throw: Boomerang         |       |       |    11 ||    11
 Invoke: Trog's Hand       |       |     1 |     3 ||     4
         Berserk           |       |     1 |     1 ||     2
    Use: Scroll            |     7 |     8 |     3 ||    18
         Potion            |       |       |     2 ||     2
   Stab: Sleeping          |     1 |       |       ||     1
 Armour: Animal skin       |    26 |       |       ||    26
         Ring mail         |     5 |    31 |    33 ||    69
  Dodge: Dodged            |    59 |    95 |   119 ||   273
